Map: Catalyst LE

Players

axu

  • Race: Protoss Protoss
  • League: Platinum
  • Spawn Location: 5:00

AnyDeadBody - Winner!

  • Race: Terran Terran
  • League: Platinum
  • Spawn Location: 11:00

VOD

Have the link to the VOD?

Description

Time

  • Played on: April 10, 2018, 11:07 a.m.
  • Length: 3:18
Show
View Real Time Build Order
Export as new Build Order

axu Protoss 

Build Orders: 1 Gate Expand 

Get SALT Encoding   

  12  0:00  Probe  
  13  0:14  Probe  
  14  0:22  Pylon  
  14  0:26  Probe  
  15  0:40  Probe (Chrono Boost)  
  15  0:42  Gateway  
  16  0:52  Probe (Chrono Boost)  
  16  0:54  Assimilator  
  17  0:59  Probe (Chrono Boost)  
  18  1:06  Probe  
  19  1:28  Nexus  
  19  1:37  Cybernetics Core  
  19  1:55  Pylon  
  19  1:57  Probe  
  19  1:58  Assimilator  
  19  2:09  Probe  
  19  2:14  Adept (Chrono Boost)  
  22  2:21  Probe  
  23  2:34  Probe  
  24  2:45  Probe  
  24  2:46  Probe  
  26  2:52  Pylon  
  26  2:57  Probe  
  29  2:59  Probe  
  30  3:07  Stargate  
Show
View Real Time Build Order
Export as new Build Order

AnyDeadBody Terran - Winner!

Build Orders:  

Get SALT Encoding   

  12  0:01  SCV  
  13  0:13  SCV  
  14  0:20  Supply Depot  
  14  0:25  SCV  
  15  0:41  SCV  
  16  0:43  Barracks  
  16  0:55  SCV  
  17  1:01  Barracks  
  17  1:07  SCV  
  18  1:15  Barracks  
  18  1:19  SCV  
  19  1:30  Marine  
  19  1:32  Supply Depot  
  20  1:46  Orbital Command  
  20  1:48  Marine  
  21  2:00  Marine  
  22  2:08  Marine  
  23  2:09  Supply Depot  
  23  2:10  Marine  
  23  2:15  SCV  
  25  2:18  Marine  
  26  2:26  Marine  
  26  2:28  Marine  
  28  2:36  Marine  
  29  2:39  SCV  
  29  2:46  Marine  
  30  2:51  SCV  
  30  2:55  Marine  
  30  2:56  Command Center  
  33  3:10  Bunker  
Tags
 
Add a new tag
Caveats
  • Supply blocks, unpowered buildings, or Contaminate may cause inaccurate times.
  • Supply counts are checked every 10 seconds.